 Dungeon Crawl Stone Soup version 0.21.1-1-g345015fe64 (webtiles) character file.

7620 Freyura the Cruncher (level 11, 0/69 HPs)
             Began as a Gargoyle Gladiator on May 2, 2018.
             Was an Elder of Okawaru.
             Slain by Grum
             ... wielding a +0 spear
              (2 damage)
             ... on level 9 of the Dungeon.
             The game lasted 00:42:53 (7911 turns).

Freyura the Cruncher (Gargoyle Gladiator)           Turns: 7911, Time: 00:42:54

Health: 0/69       AC: 22    Str: 19    XL:     11   Next: 18%
Magic:  14/14      EV: 15    Int:  8    God:    Okawaru [****..]
Gold:   220        SH:  4    Dex: 16    Spells: 10/10 levels left

rFire    . . .     SeeInvis .   A - +4 quarterstaff (chaos)
rCold    + . .     Gourm    .   (shield currently unavailable)
rNeg     + + .     Faith    .   t - +4 ring mail of Dramatic Exits {rC+ rN+}
rPois    ∞         Spirit   .   c - +0 helmet
rElec    +         Reflect  +   C - scarf {repulsion}
rCorr    .         Harm     .   P - +1 pair of gloves
MR       .....                  (no boots)
Stlth    ++........             a - +4 amulet of reflection (curse)
HPRegen  0.21/turn              y - +2 ring of dexterity (curse)
MPRegen  0.14/turn              L - ring of stealth

@: repel missiles
A: negative energy resistance 1, electricity resistance, unbreathing,
petrification resistance, rot immunity, AC +8
a: Heroism, Renounce Religion


You were on level 9 of the Dungeon.
You worshipped Okawaru.
Okawaru was greatly pleased with you.
You were not hungry.

You visited 2 branches of the dungeon, and saw 10 of its levels.
You also visited: Sewer and Ossuary.

You collected 369 gold pieces.
You spent 149 gold pieces at shops.

Inventory:

Hand Weapons
 A - a +4 quarterstaff of chaos (weapon)
Missiles
 d - 3 throwing nets (quivered)
Armour
 c - a +0 helmet (worn)
 t - the +4 ring mail of Dramatic Exits (worn) {rC+ rN+}
   (You found it on level 4 of the Dungeon)

   It protects you from cold.
   It protects you from negative energy.
 C - a scarf of repulsion (worn)
 I - a +3 plate armour
 P - a +1 pair of gloves (worn)
Jewellery
 a - a cursed +4 amulet of reflection (around neck)
 y - a cursed +2 ring of dexterity (left hand)
 L - a ring of stealth (right hand)
Wands
 b - a wand of acid (12)
 x - a wand of flame (20)
 H - a wand of clouds (7)
 K - a wand of polymorph (16)
Scrolls
 h - 2 scrolls of enchant armour {unknown}
 i - 3 scrolls of blinking {unknown}
 j - 3 scrolls of teleportation {unknown}
 k - 2 scrolls of identify
 l - 9 scrolls of remove curse
 o - 3 scrolls of fear {unknown}
 q - 4 scrolls of fog {unknown}
 r - 2 scrolls of amnesia {unknown}
 w - 3 scrolls of immolation
 B - 2 scrolls of enchant weapon {unknown}
 N - a scroll of random uselessness {unknown}
 O - a scroll of vulnerability {unknown}
Potions
 e - 6 potions of curing
 g - 4 potions of lignification
 n - 5 potions of might
 p - a potion of haste {unknown}
 s - 2 potions of cancellation
 u - 5 potions of mutation
 v - a potion of ambrosia {unknown}
 z - a potion of agility {unknown}
 D - 7 potions of heal wounds
 E - 4 potions of brilliance
 F - a potion of flight {unknown}
 M - a potion of resistance {unknown}
Books
 G - a book of Necromancy

   Spells                             Type                      Level
   a - Pain                           Necromancy                   1
   b - Animate Skeleton               Necromancy                   1
   c - Vampiric Draining              Necromancy                   3
   d - Regeneration                   Charms/Necromancy            3
   e - Animate Dead                   Necromancy                   4
   f - Borgnjor's Vile Clutch         Necromancy/Earth             5
 J - a Young Poisoner's Handbook

   Spells                             Type                      Level
   a - Sting                          Conjuration/Poison           1
   b - Poisonous Vapours              Poison/Air                   2
   c - Mephitic Cloud                 Conjuration/Poison/Air       3
   d - Olgreb's Toxic Radiance        Poison                       4
   e - Venom Bolt                     Conjuration/Poison           5
Comestibles
 f - 10 rations


   Skills:
 + Level 8.4 Fighting
 * Level 10.8 Staves
 - Level 1.7 Throwing
 + Level 7.9 Armour
 + Level 6.6 Dodging
 + Level 4.2 Invocations


You had 10 spell levels left.
You didn't know any spells.

Dungeon Overview and Level Annotations

Branches:
Dungeon (9/15)             Temple (1/1) D:7            Lair (0/6) D:9
    Orc: D:9-12

Altars:
Ashenzari
Cheibriados
Dithmenos
Elyvilon
Fedhas
Gozag
Hepliaklqana
Makhleb
Nemelex Xobeh
Okawaru
Qazlal
Ru
Sif Muna
Trog
Vehumet
Wu Jian
Xom
Zin

Shops:
D:8 [

Annotations:
D:9 Grum


Innate Abilities, Weirdness & Mutations

You are resistant to torment.
Your stone body is resilient. (AC +8)
You are immune to poison.
You resist negative energy. (rN+)
You are resistant to electric shocks. (rElec)
You can survive without breathing.
You are immune to petrification.
You are immune to rotting.


Message History

Grum hits you from afar with a spear.
You hit the orc warrior but do no damage.
The orc warrior is severely wounded.
The orc warrior hits you with a glaive!
* * * LOW HITPOINT WARNING * * *
You block Grum's attack.
You thump the orc warrior!
You kill the orc warrior!
Okawaru accepts your kill. You block Grum's attack.
Things that are here:
a glaive; a plate armour; a scroll labeled FILEC YBITWA You hit Grum.
Grum is lightly wounded.
Grum hits you with a spear.
* * * LOW HITPOINT WARNING * * *
You sock Grum!
Grum is moderately wounded.
Grum hits you with a spear.
You die...

#. ##....)..## #.#
#. ##......#### #.#
#. ##...#....####.#
#.
#.###.(.......####.
##...###.####......
#.### #.# ######.
#)# #.# #. #(#
###.# #. #@# .....
## ##g# .##.#
#.h##.##.##
#..........
#.###.(...##.# .
#..........#....
.###
..####..)).......
>... #....(.####.
#### #.#.##.#


You could see Grum and a wolf.

Vanquished Creatures
  Erolcha (D:9)
  A two-headed ogre (D:8)
  Pikel (D:8)
  Joseph (D:9)
  A spiny frog (D:9)
  2 hippogriffs
  Edmund (D:4)
  A soldier ant (D:6)
  A water moccasin (D:7)
  2 orc warriors
  3 slaves (D:8)
  An ice beast (D:5)
  A sky beast (D:5)
  A hornet zombie (D:8)
  A necrophage (D:8)
  2 phantoms
  An eye of draining (D:9)
  3 ogres
  The ghost of Tegun the Charmwright, an amateur DsSk (D:3)
  2 wolves (D:9)
  2 centaurs
  5 bullfrogs
  A big kobold (Sewer)
  13 scorpions
  5 killer bees (D:8)
  5 wights (D:6)
  A howler monkey (D:4)
  9 crimson imps
  2 centaur zombies (Ossuary)
  2 human zombies (Ossuary)
  2 hounds (D:4)
  5 orc priests
  Crazy Yiuf (D:4)
  A centaur skeleton (D:5)
  Ijyb (D:3)
  5 orc wizards
  11 worker ants
  3 mummies (Ossuary)
  A hound skeleton (D:6)
  7 gnolls
  A howler monkey skeleton (D:8)
  14 adders
  7 river rats
  4 scorpion zombies (Ossuary)
  An ooze (D:5)
  2 adder skeletons
  A worm (D:3)
  2 dart slugs
  9 leopard geckos
  29 orcs
  7 giant cockroaches
  3 gnoll zombies (Ossuary)
  3 goblins
  7 hobgoblins
  5 jackals
  19 kobolds
  3 quokkas
  6 ball pythons
  6 bats
  7 frilled lizards
  A goblin zombie (Ossuary)
  A hobgoblin zombie (Ossuary)
  A kobold zombie (Ossuary)
  A leopard gecko zombie (D:6)
  An orc zombie (Ossuary)
  A quokka zombie (D:7)
  27 rats
  A rat zombie (D:7)
  A fungus (D:4)
281 creatures vanquished.

Vanquished Creatures (others)
  A bullfrog (D:8)
  A howler monkey (D:6)
  An iguana (D:6)
  A worker ant (D:6)
  An orc (D:6)
  A quokka (D:6)
6 creatures vanquished.

Grand Total: 287 creatures vanquished

Notes
Turn   | Place    | Note
-------+----------+-------------------------------------------
     0 | D:1      | Freyura the Gargoyle Gladiator began the quest for the Orb.
     0 | D:1      | Reached XP level 1. HP: 12/12 MP: 1/1
    37 | D:1      | Reached XP level 2. HP: 17/18 MP: 2/2
   670 | D:2      | Reached skill level 1 in Armour
   746 | D:2      | You fall through a shaft for 2 floors!
   758 | D:4      | Reached XP level 3. HP: 19/22 MP: 3/3
  1064 | D:4      | Got a bloodstained ring mail
  1075 | D:4      | Identified the +4 ring mail of Dramatic Exits {rC+ rN+} (You found it on level 4 of the Dungeon)
  1128 | D:4      | Reached XP level 4. HP: 25/27 MP: 4/4
  1152 | D:4      | Reached skill level 4 in Staves
  1475 | D:2      | Reached XP level 5. HP: 32/32 MP: 5/5
  1930 | D:3      | Noticed Tegun's ghost (amateur DsSk)
  1950 | D:3      | Killed Tegun's ghost
  1950 | D:3      | Reached XP level 6. HP: 34/37 MP: 6/6
  2191 | D:3      | Noticed Ijyb
  2210 | D:3      | Killed Ijyb
  2211 | D:3      | Reached skill level 5 in Staves
  2514 | D:4      | Noticed Edmund
  2554 | D:4      | Killed Edmund
  2554 | D:4      | Reached XP level 7. HP: 20/43 MP: 7/7
  3038 | D:4      | Found a runed door.
  3047 | D:4      | Noticed Crazy Yiuf
  3051 | D:4      | Killed Crazy Yiuf
  3134 | D:4      | Found an opulent altar of Gozag.
  3135 | D:4      | Found a sparkling altar of Nemelex Xobeh.
  3192 | D:5      | Entered Level 5 of the Dungeon
  3200 | D:5      | Reached skill level 6 in Staves
  3212 | D:5      | Reached XP level 8. HP: 34/48 MP: 8/8
  3278 | D:5      | Found a radiant altar of Vehumet.
  3563 | D:5      | Reached skill level 5 in Fighting
  3610 | D:5      | Reached skill level 7 in Staves
  3769 | D:5      | Found a glowing drain.
  3792 | Sewer    | Entered a sewer
  4443 | D:6      | Reached skill level 5 in Armour
  4593 | D:6      | Found a shimmering altar of Xom.
  4653 | D:6      | Reached XP level 9. HP: 53/55 MP: 9/9
  4825 | D:6      | Reached skill level 8 in Staves
  4849 | D:6      | Reached skill level 5 in Dodging
  5148 | D:7      | Found a staircase to the Ecumenical Temple.
  5157 | Temple   | Entered the Ecumenical Temple
  5174 | Temple   | Became a worshipper of Warmaster Okawaru
  5485 | D:7      | Found a sand-covered staircase.
  5493 | Ossuary  | Entered an ossuary
  5742 | Ossuary  | Reached skill level 9 in Staves
  5777 | Ossuary  | Reached * piety under Okawaru
  6085 | D:7      | Reached XP level 10. HP: 63/63 MP: 10/10
  6530 | D:7      | Reached skill level 1 in Invocations
  6849 | D:8      | Noticed Pikel
  6885 | D:8      | Killed Pikel
  6885 | D:8      | Reached ** piety under Okawaru
  7169 | D:8      | Noticed a two-headed ogre
  7180 | D:8      | Killed a two-headed ogre
  7180 | D:8      | Reached *** piety under Okawaru
  7180 | D:8      | Reached skill level 10 in Staves
  7252 | D:8      | Found Ikiymn's Armour Shoppe.
  7257 | D:8      | Bought a +1 pair of gloves for 149 gold pieces
  7349 | D:8      | Found a deep blue altar of Sif Muna.
  7353 | D:8      | Found an ornate altar of the Wu Jian Council.
  7355 | D:8      | Found a shattered altar of Ashenzari.
  7356 | D:8      | Found a snail-covered altar of Cheibriados.
  7360 | D:8      | Found a stormy altar of Qazlal.
  7551 | D:9      | Noticed Erolcha
  7576 | D:9      | Killed Erolcha
  7615 | D:9      | Reached **** piety under Okawaru
  7615 | D:9      | Reached XP level 11. HP: 51/68 MP: 13/13
  7626 | D:9      | Found a staircase to the Lair.
  7643 | D:9      | Found a shimmering altar of Xom.
  7853 | D:9      | Noticed Joseph
  7875 | D:9      | Killed Joseph
  7876 | D:9      | Noticed Grum
  7910 | D:9      | HP: 2/69 [Grum/spear (5)]
  7911 | D:9      | Slain by Grum

Skill      XL: |  1  2  3  4  5  6  7  8  9 10 11 |
---------------+----------------------------------+-----
Armour         | 1 2 3 4 5 6 7 |  7.9
Fighting       | 3 4 5 7 8 |  8.4
Staves         | 4 5 6 7 9 10 | 10.8
Dodging        | 3 4 5 6 |  6.6
Invocations    | 3 4 |  4.2
Throwing       | |  1.7

Action                   |  1- 3 |  4- 6 |  7- 9 | 10-12 || total
-------------------------+-------+-------+-------+-------++-------
Melee: Quarterstaff      |    78 |   198 |   466 |   245 ||   987
  Use: Scroll            |       |       |    11 |     1 ||    12
       Potion            |       |       |       |     1 ||     1
 Stab: Confused          |       |       |     3 |     1 ||     4
       Paralysed         |       |       |     1 |       ||     1
  Eat: Ration            |     2 |       |     4 |     2 ||     8
Armor: Leather armour    |    28 |       |       |       ||    28
       Ring mail         |     3 |   108 |   160 |    97 ||   368
Dodge: Dodged            |    60 |   113 |   268 |   172 ||   613
       Deflected         |       |       |     4 |     4 ||     8
Block: Other             |       |       |       |    21 ||    21
       Reflection        |       |       |       |     1 ||     1
